 Dungeon Crawl Stone Soup version 0.18-a0-1683-gf9322e6 (webtiles) character file.

70 Kidiri the Magician (level 4, 0/24 HPs)
             Began as a Deep Elf Fire Elementalist on Apr 3, 2016.
             Hit by a stone thrown by a gnoll (6 damage)
             ... on level 2 of the Dungeon.
             The game lasted 00:04:18 (1491 turns).

Kidiri the Magician (Deep Elf Fire Elementalist)    Turns: 1491, Time: 00:04:19

Health: 0/24       AC:  4    Str:  5    XL:     4   Next: 3%
Magic:  5/12       EV: 13    Int: 21    God:
Gold:   63         SH:  0    Dex: 15    Spells: 4 memorised, 2 levels left

rFire  . . .     SeeInvis .     d - +0 dagger
rCold  . . .     Gourm    .     a - +1 robe
rNeg   . . .     Faith    .     (no shield)
rPois  .         Spirit   .     (no helmet)
rElec  .         Dismiss  .     n - +0 cloak
rCorr  .         Reflect  .     (no gloves)
SustAt .         Harm     .     (no boots)
MR     .....                    (no amulet)
Stlth  ++........               (no ring)
                                k - ring of wizardry

@: not resistant to hostile enchantments, unstealthy
A: no striking features
a: no special abilities


You were on level 2 of the Dungeon.
You were not hungry.

You visited 1 branch of the dungeon, and saw 2 of its levels.

You collected 63 gold pieces.

Inventory:

Hand Weapons
 d - a +0 dagger (weapon)
Armour
 a - a +1 robe (worn)
 n - a +0 cloak (worn)
Jewellery
 k - a ring of wizardry (left hand)
Wands
 e - a wand of acid (10/15)
Scrolls
 i - 2 scrolls of remove curse
 j - a scroll of blinking
 o - a scroll of teleportation
Potions
 g - a potion of agility
 h - 2 potions of curing
 l - a potion of lignification
 m - a potion of might
Books
 b - a book of Flames

   Spells                             Type                      Level
   a - Flame Tongue                   Conjuration/Fire             1
   b - Throw Flame                    Conjuration/Fire             2
   c - Conjure Flame                  Conjuration/Fire             3
   d - Inner Flame                    Hexes/Fire                   3
   e - Sticky Flame                   Conjuration/Fire             4
   f - Fireball                       Conjuration/Fire             5
Comestibles
 c - 2 bread rations


   Skills:
 + Level 3.0 Dodging
 - Level 2.4 Stealth
 * Level 4.3 Spellcasting
 + Level 2.2 Conjurations
 + Level 0.0 Hexes
 + Level 3.8 Fire Magic


You had 2 spell levels left.
You knew the following spells:

 Your Spells              Type           Power        Failure   Level  Hunger
a - Flame Tongue          Conj/Fire      ###..        1%          1    None
b - Throw Flame           Conj/Fire      ###...       2%          2    #......
c - Conjure Flame         Conj/Fire      ###.....     4%          3    ##.....
d - Inner Flame           Hex/Fire       ##......     9%          3    ##.....


Dungeon Overview and Level Annotations

Branches:
Dungeon (2/15)

Altars:
Qazlal
Ru
Xom


Message History

* * * LOW HITPOINT WARNING * * *
You see here a stone.
The gnoll throws a stone.
The stone completely misses you.
Unknown command.
Drink which item? (? for menu, Esc to quit)
You feel better. The gnoll closely misses you.
Casting: Flame Tongue
Confirm with . or Enter, or press ? or * to list all spells.
Aiming: Flame Tongue
Press: ? - help, Shift-Dir - straight line, f/p - gnoll
Aim: a gnoll, wielding a spear (severely wounded)
The flame tongue hits the gnoll.
You kill the gnoll!
Your Dodging skill increases to level 3!
You have reached level 4!
You feel clever.
The gnoll throws a stone.
The stone hits you!
* * * LOW HITPOINT WARNING * * *
The gnoll throws a stone.
The stone hits you.
You die...

###.#####.##.#### ##.## #. ♣
#.#####.÷.....# #.(.# #. #
#.......##.##.# #...# #.
#######.##.##.# #...# #.
#<........#.# #...# ####.
#.###.###.#.# #...####.... ..
#...# #...######...#..%....
...#.#.###...(.).†............
.....#.......@....g..........)
.........##.##.................
....####....##.#####...#.####..
#### #.#####.# #...#.......
#.#####.# #...########
#.......# #...# #
######.###########...### #
#.<....########........# #
##.#####........#.##.##.# #


You could see a gnoll.

Vanquished Creatures
  A gnoll (D:2)
  3 adders (D:2)
  3 dart slugs
  A giant cockroach (D:1)
  2 goblins (D:2)
  A hobgoblin (D:1)
  9 kobolds
  4 bats
  6 giant newts
  4 rats
34 creatures vanquished.

Vanquished Creatures (others)
  A plant (D:2)
1 creature vanquished.

Grand Total: 35 creatures vanquished

Notes
Turn   | Place    | Note
--------------------------------------------------------------
     0 | D:1      | Kidiri the Deep Elf Fire Elementalist began the quest for the Orb.
     0 | D:1      | Reached XP level 1. HP: 10/10 MP: 6/6
   257 | D:1      | Reached XP level 2. HP: 15/15 MP: 4/8
   261 | D:1      | Learned a level 2 spell: Throw Flame
  1061 | D:2      | Found a stormy altar of Qazlal.
  1128 | D:2      | Reached skill level 4 in Spellcasting
  1128 | D:2      | Reached XP level 3. HP: 14/19 MP: 2/10
  1133 | D:2      | Learned a level 3 spell: Conjure Flame
  1137 | D:2      | Learned a level 3 spell: Inner Flame
  1371 | D:2      | Found a sacrificial altar of Ru.
  1375 | D:2      | Found a shimmering altar of Xom.
  1490 | D:2      | Reached XP level 4. HP: 12/24 MP: 4/12
  1491 | D:2      | Hit by a stone thrown by a gnoll

Vault maps used:
D:1:      sevenhm_arrival_forest_fort_large_4
D:2:      tso_altar, minitemple, nicolae_qazlal_general_emergency,
          lexackson_kobold_supper

Skill      XL: |  1  2  3 |
---------------+----------+-----
Spellcasting   | 4 |  4.3
Conjurations   | 2 |  2.2
Dodging        | 3 |  3.0
Stealth        | |  2.4
Fire Magic     | |  3.8

Action                   |  1- 3 |  4- 6 || total
-------------------------+-------+-------++-------
Melee: Dagger            |     4 |       ||     4
       Whip              |     3 |       ||     3
       Unarmed           |     1 |       ||     1
 Cast: Flame Tongue      |    43 |     1 ||    44
       Throw Flame       |    14 |       ||    14
  Use: Scroll            |     9 |       ||     9
       Potion            |     1 |       ||     1
  Eat: Chunk             |     2 |       ||     2
